 Dungeon Crawl Stone Soup version 0.20-a0-642-g4ff03ff (webtiles) character file.

28 Chiseanne the Sneak (level 2, -1/16 HPs)
             Began as a Spriggan Wanderer on Feb 14, 2017.
             Slain by a leopard gecko (5 damage)
             ... on level 2 of the Dungeon.
             The game lasted 00:02:22 (1199 turns).

Chiseanne the Sneak (Spriggan Wanderer)             Turns: 1199, Time: 00:02:22

Health: -1/16      AC:  2    Str:  7    XL:     2   Next: 96%
Magic:  5/5        EV: 16    Int: 13    God:
Gold:   10         SH:  7    Dex: 16    Spells: 3/3 levels left

rFire    . . .     SeeInvis +   a - +0 spear
rCold    . . .     Gourm    .   c - +0 robe
rNeg     . . .     Faith    .   b - +1 buckler
rPois    .         Spirit   .   (helmet restricted)
rElec    .         Reflect  .   (no cloak)
rCorr    .         Harm     .   (gloves unavailable)
MR       .....                  (boots unavailable)
Stlth    ++........             (no amulet)
Regen    0.1/turn               (no ring)
MPRegen  0.1/turn               (no ring)

@: very quick
A: unfitting armour, see invisible, herbivore 3, speed 3, slow metabolism 2
a: no special abilities


You were on level 2 of the Dungeon.
You were not hungry.

You visited 1 branch of the dungeon, and saw 2 of its levels.

You collected 10 gold pieces.

Inventory:

Hand Weapons
 a - a +0 spear (weapon)
Missiles
 d - 19 sling bullets
 e - 24 bolts
 h - 9 stones (quivered)
Armour
 b - a +1 buckler (worn)
 c - a +0 robe (worn)
Jewellery
 k - an uncursed ring of fire
Potions
 g - 2 potions of curing {unknown}
 i - a potion of lignification {unknown}
Comestibles
 f - a bread ration


   Skills:
 * Level 2.7 Fighting
 * Level 2.0 Dodging
 - Level 3.0 Stealth
 * Level 1.5 Shields
 - Level 1.3 Spellcasting
   Level 2.4 Hexes
   Level 1.3 Evocations


You had 3 spell levels left.
You didn't know any spells.

Dungeon Overview and Level Annotations

Branches:
Dungeon (2/15)

Altars:
Ru


Innate Abilities, Weirdness & Mutations

You are very small and have problems with some larger weapons.
You are too small for most types of armour.
You have supernaturally acute eyesight. (SInv)
You are a herbivore.
You cover ground extremely quickly.
You need consume almost no food.


Message History

You miss the leopard gecko.
The leopard gecko is almost dead.
The leopard gecko closely misses you. The leopard gecko bites you.
You barely miss the leopard gecko.
The leopard gecko is almost dead.
You block the leopard gecko's attack.
You closely miss the leopard gecko.
The leopard gecko is almost dead.
The leopard gecko closely misses you.
You closely miss the leopard gecko.
The leopard gecko is almost dead.
The leopard gecko closely misses you.
You closely miss the leopard gecko.
The leopard gecko is almost dead.
The leopard gecko closely misses you. The leopard gecko bites you.
* * * LOW HITPOINT WARNING * * *
You hit the leopard gecko but do no damage.
The leopard gecko is almost dead.
The leopard gecko bites you.
You die...

.. #. .# #.#### ...
.### #....##.##
....##.........
#..........#
#..l....#
#..@....###
##........#####
#.............#
#####.......#......
...........†.#.#
######.....#..#
##.<..#.#...
####..#. ...#
#..#.≈ ≈.#


You could see a leopard gecko.

Vanquished Creatures
  An ooze (D:1)
  A leopard gecko (D:1)
  3 giant cockroaches (D:1)
  A hobgoblin (D:1)
  2 ball pythons
  A bat (D:1)
  2 frilled lizards
  2 goblins (D:1)
  6 kobolds (D:1)
  3 rats (D:1)
22 creatures vanquished.

Notes
Turn   | Place    | Note
-------+----------+-------------------------------------------
     0 | D:1      | Chiseanne the Spriggan Wanderer began the quest for the Orb.
     0 | D:1      | Chiseanne set off with: a +0 buckler, a +0 spear, a +0 robe, a +0 dagger, a bread ration
     0 | D:1      | Reached XP level 1. HP: 11/11 MP: 3/3
   453 | D:1      | Reached XP level 2. HP: 11/16 MP: 5/5
   455 | D:1      | Reached skill level 1 in Dodging
  1133 | D:2      | Found a sacrificial altar of Ru.
  1199 | D:2      | Slain by a leopard gecko

Vault maps used:
D:1:      ncdulo_smallfort
D:2:      nicolae_dithmenos_shadow_blocks, nicolae_ru_awakened_eye

Skill      XL: |  1  2 |
---------------+-------+-----
Dodging        | 2 |  2.0
Fighting       | |  2.7
Stealth        | |  3.0
Shields        | |  1.5
Spellcasting   | |  1.3
Hexes          | |  2.4
Evocations     | |  1.3

Action                   || total
-------------------------++-------
Melee: Spear             ||   100
  Use: Scroll            ||     5
 Stab: Sleeping          ||     1
       Distracted        ||     1
Armor: Robe              ||    10
Dodge: Dodged            ||    60
Block: Buckler           ||    25
